 Dungeon Crawl Stone Soup version 0.22-a0-78-g0f8607c (webtiles) character file.

329 KristoblXynda the Slasher (level 6, -7/51 HPs)
             Began as a Draconian Fighter on Jan 15, 2018.
             Mangled by Sigmund
             ... wielding a +0 scythe
              (10 damage)
             ... on level 4 of the Dungeon.
             The game lasted 00:04:28 (3658 turns).

KristoblXynda the Slasher (Draconian Fighter)       Turns: 3658, Time: 00:04:30

Health: -7/51      AC:  9    Str: 23    XL:     6   Next: 25%
Magic:  6/6        EV: 11    Int: 10    God:
Gold:   120        SH: 10    Dex: 11    Spells: 5/5 levels left

rFire    . . .     SeeInvis .   a - +0 long sword
rCold    . . .     Gourm    .   b - +0 shield
rNeg     . . .     Faith    .   (armour unavailable)
rPois    .         Spirit   .   l - +2 hat
rElec    .         Reflect  .   (no cloak)
rCorr    .         Harm     .   k - +0 pair of gloves
MR       .....                  (no boots)
Stlth    +.........             (no amulet)
HPRegen  0.17/turn              (no ring)
MPRegen  0.10/turn              (no ring)

@: mighty
A: unfitting armour, cold-blooded, AC +6
a: no special abilities


You were on level 4 of the Dungeon.
You were not hungry.

You visited 1 branch of the dungeon, and saw 4 of its levels.

You collected 120 gold pieces.

Inventory:

Hand Weapons
 a - a +0 long sword (weapon)
Armour
 b - a +0 shield (worn)
 k - a +0 pair of gloves (worn)
 l - a +2 hat (worn)
Scrolls
 e - a scroll of remove curse {unknown}
 f - a scroll of blinking {unknown}
 g - 3 scrolls of identify {unknown}
 h - a scroll of random uselessness {unknown}
 i - 2 scrolls of fog {unknown}
 j - a scroll of immolation {unknown}
Comestibles
 d - 4 rations


   Skills:
 - Level 3.2 Fighting
 * Level 4.9 Long Blades
 + Level 3.9 Dodging
 + Level 4.3 Shields


You had 5 spell levels left.
You didn't know any spells.

Dungeon Overview and Level Annotations

Branches:
Dungeon (4/15)
 Temple: D:4-7

Altars:

Annotations:
D:4 Sigmund


Innate Abilities, Weirdness & Mutations

Your plain brown scales are hard. (AC +6)
You cannot fit into any form of body armour.
You are cold-blooded and may be slowed by cold attacks.


Message History

Deactivating autopickup; reactivate with Ctrl-A.
You hit something.
You hear some strange, mumbled words.
Something tries to affect you, but you resist.
You miss something. Something hits you!
You hit something. Something hits you!
You barely miss something. Something hits you.
You closely miss something.
Your tail-slap misses something.
Something hits you!
You miss something. You closely miss something.
Your tail-slap misses something.
Something hits you!
* * * LOW HITPOINT WARNING * * *
You miss something. You tail-slap something. You block something's attack.
You hit something but do no damage.
Your tail-slap misses something.
Something hits you.
* * * LOW HITPOINT WARNING * * *
You feel very mighty all of a sudden. Something hits you!
You die...

#.# #.#...# #.#
#.##..# #.#
#.##).# #.#
#.###.# #.#
#.###># #.##
#.##..#
#.##.#.##.## .
#.##.#.##.####^≈≈§
#.##...@.....≈^#
#.##.#{##.###≈##
#.# #.##.# #.#
#.##.#
##########.#
#.##.#
...........#
#.#..#
############
#..... ##..## .


There were no monsters in sight!

Vanquished Creatures
  An ogre (D:4)
  2 orc priests (D:3)
  Terence (D:3)
  An iguana (D:4)
  Robin (D:3)
  3 adders
  A dart slug (D:3)
  3 leopard geckos
  9 orcs (D:3)
  2 ball pythons
  5 giant cockroaches
  12 goblins
  11 hobgoblins
  4 jackals (D:1)
  9 bats
  6 frilled lizards
  A kobold (D:3)
  9 rats
81 creatures vanquished.

Notes
Turn   | Place    | Note
-------+----------+-------------------------------------------
     0 | D:1      | KristoblXynda the Draconian Fighter began the quest for the Orb.
     0 | D:1      | Reached XP level 1. HP: 19/19 MP: 1/1
   208 | D:1      | Reached XP level 2. HP: 8/26 MP: 2/2
  1237 | D:2      | Reached XP level 3. HP: 13/31 MP: 3/3
  2343 | D:3      | Reached XP level 4. HP: 29/38 MP: 4/4
  2668 | D:3      | Noticed Terence
  2747 | D:3      | Killed Terence
  2747 | D:3      | Reached XP level 5. HP: 7/45 MP: 5/5
  3374 | D:3      | Noticed Robin
  3384 | D:3      | Killed Robin
  3605 | D:4      | Noticed an ogre
  3616 | D:4      | Killed an ogre
  3616 | D:4      | Reached XP level 6. HP: 51/51 MP: 6/6
  3640 | D:4      | Noticed Sigmund
  3658 | D:4      | Mangled by Sigmund

Vault maps used:
D:1:      mushboom_english_gardens, kennysheep_crisscross
D:2:      first_ration
D:3:      uniq_robin, uniq_terence
D:4:      cheibrodos_greedy_goblins, minmay_temple_entry_fiery, serial_shops,
          shop, grunt_qazlal_sundering, uniq_ijyb, uniq_sigmund

Skill      XL: |  1  2  3  4  5 |
---------------+----------------+-----
Dodging        | 3 |  3.9
Long Blades    | 3 4 |  4.9
Shields        | 4 |  4.3
Fighting       | |  3.2

Action                   |  1- 3 |  4- 6 || total
-------------------------+-------+-------++-------
Melee: Long sword        |   142 |   135 ||   277
       Tailslap          |    11 |    17 ||    28
  Use: Potion            |       |     3 ||     3
 Stab: Invisible         |       |     4 ||     4
  Eat: Chunk             |     5 |     1 ||     6
       Ration            |       |     1 ||     1
Armor: Skin              |    52 |    41 ||    93
Dodge: Dodged            |    61 |    53 ||   114
Block: Shield            |    78 |    60 ||   138
       Rpst.: Long sword |    19 |    19 ||    38

Table legend:
 A = Spawn XP
 B = Non-spawn XP
 C = Spawn XP percentage of total XP
 D = Spawn monster count
 E = Non-spawn monster count
 F = Spawn count percentage of total count
 G = Total turns spent on level
                    A         B        C        D         E        F      G
               +---------+---------+-------+---------+---------+-------+---------
         Total |       0 |     470 |   0.0 |       0 |      81 |   0.0 |  3658
               +---------+---------+-------+---------+---------+-------+---------
           D:1 |       0 |      27 |   0.0 |       0 |      17 |   0.0 |  1154
           D:2 |       0 |      52 |   0.0 |       0 |      19 |   0.0 |  1132
           D:3 |       0 |     230 |   0.0 |       0 |      43 |   0.0 |  1247
           D:4 |       0 |     161 |   0.0 |       0 |       2 |   0.0 |   125
               +---------+---------+-------+---------+---------+-------+---------
